 Dungeon Crawl Stone Soup version 0.29.1-14-g9c671dbff4 (webtiles) character file.

Game seed: 16597079472697602146

105 MacCMillion the Shield-Bearer (level 4, 0/45 HPs)
             Began as a Troll Fighter on Feb 17, 2023.
             Was an Initiate of Wu Jian.
             Succumbed to a killer bee's poison
             ... on level 4 of the Dungeon.
             The game lasted 00:03:37 (2152 turns).

MacCMillion the Shield-Bearer (Troll Fighter)       Turns: 2152, Time: 00:03:38

Health: 0/45       AC:  4    Str: 26    XL:     4   Next: 54%
Magic:  3/3        EV:  8    Int:  4    God:    Wu Jian [......]
Gold:   115        SH:  7    Dex:  9    Spells: 3/3 levels left

rFire   + . .      SeeInvis .     - Unarmed
rCold   + . .      Faith    .   b - +0 kite shield
rNeg    + . .      Spirit   .   a - +0 robe
rPois   +          Reflect  .   (helmet restricted)
rElec   +          Harm     .   (no cloak)
rCorr   +          Rampage  .   (gloves unavailable)
Will    .....                   (boots unavailable)
Stlth   +.........              (no amulet)
HPRegen 0.95/turn               p - ring of positive energy
MPRegen 0.08/turn               (no ring)

@: lethally poisoned (0 -> -3), resistant
A: large, unfitting armour, claws 3, regeneration 1, shaggy fur 1, tough skin 1
a: Renounce Religion


You were on level 4 of the Dungeon.
You worshipped Wu Jian.
Wu Jian was noncommittal.
You visited 2 branches of the dungeon, and saw 5 of its levels.

You collected 115 gold pieces.

Inventory:

Armour
 a - a +0 robe (worn)
 b - a +0 kite shield (worn)
Jewellery
 p - a ring of positive energy (left claw)
Scrolls
 d - 2 scrolls of immolation {unknown}
 e - 3 scrolls of teleportation {unknown}
 f - 2 scrolls of brand weapon {unknown}
 h - a scroll of blinking {unknown}
 j - a scroll of butterflies {unknown}
 l - 2 scrolls of noise {unknown}
 m - 3 scrolls of identify {unknown}
 n - a scroll of torment {unknown}
 o - 2 scrolls of fear {unknown}
Potions
 c - a potion of might
 g - 2 potions of resistance
 i - a potion of heal wounds {unknown}
 k - a potion of degeneration {unknown}


   Skills:
 + Level 3.2 Fighting
 - Level 2.4 Dodging
 + Level 3.5 Shields
 + Level 3.1 Unarmed Combat


You had 3 spell levels left.
You didn't know any spells.
Your spell library contained the following spells:

 Spells                   Type           Power      Damage    Failure   Level
 Ensorcelled Hibernation  Hex/Ice        0%         N/A       90%         2
 Passwall                 Tmut/Erth      0%         N/A       90%         2
 Ozocubu's Armour         Ice            0%         N/A       99%         3
 Swiftness                Air            0%         N/A       99%         3
 Ozocubu's Refrigeration  Ice            0%         4d7       100%        7


Dungeon Overview and Level Annotations

Branches:
Dungeon (4/15)             Temple (1/1) D:4

Altars:
Ashenzari
Cheibriados
Dithmenos
Elyvilon
Fedhas
Gozag
Hepliaklqana
Kikubaaqudgha
Makhleb
Nemelex Xobeh
Okawaru
Qazlal
Sif Muna
Wu Jian

Annotations:
D:3 1 runed translucent door, plinio's ghost, amateur HOBe


Innate Abilities, Weirdness & Mutations

You are too large for most types of armour.
You have claws for hands.
Your natural rate of healing is unusually fast.
You are covered in fur. (AC +1)
You have tough skin. (AC +1)


Message History

The goblin shouts!
A hobgoblin comes into view.
You block the killer bee's attack.
You barely miss the killer bee. The killer bee barely misses you. x2
You barely miss the killer bee. The killer bee closely misses you.
You block the killer bee's attack.
You miss the killer bee. The killer bee stings you.
You block the killer bee's attack.
You completely miss the killer bee. The killer bee barely misses you.
You block the killer bee's attack.
You miss the killer bee. The killer bee closely misses you. x2
You scratch the killer bee.
The killer bee is moderately wounded.
The killer bee barely misses you. You block the killer bee's attack.
The killer bee stings you.
You are poisoned.
The killer bee poisons you!
You closely miss the killer bee.
The killer bee is moderately wounded.
You feel sick. The killer bee stings you. x2
You barely miss the killer bee.
The killer bee is moderately wounded.
You feel sick. The killer bee completely misses you. The killer bee stings you.
You closely miss the killer bee.
The killer bee is lightly wounded.
You feel sick. The killer bee barely misses you. x2
You miss the killer bee.
The killer bee is lightly wounded.
You feel sick. The killer bee stings you!
You are more poisoned.
The killer bee poisons you! The killer bee completely misses you.
It was a potion of resistance.
You feel protected.
You feel sick. The killer bee stings you.
* * * LOW HITPOINT WARNING * * *
The killer bee stings you!
* * * LOW HITPOINT WARNING * * *
You scratch the killer bee.
The killer bee is moderately wounded.
You die... ♣♣♣♣ ..)♣ [.. ..♣♣♣ gg.

♣♣♣♣ ♣y♣
♣♣♣♣.. ♣@♣♣
....♣♣ ♣♣.♣♣♣
♣...♣ ♣♣..♣♣♣
♣♣...♣♣
♣♣♣..♣♣♣
♣.....)
♣♣♣..♣♣♣..♣♣♣♣
♣♣♣....♣♣
♣♣♣♣♣♣
######### #


You could see a killer bee, a hobgoblin and a goblin.

Vanquished Creatures
  An orc priest (D:4)
  An adder (D:4)
  A worm (D:1)
  2 dart slugs
  6 orcs
  4 bats
  3 endoplasms
  A giant cockroach (D:3)
  2 hobgoblins
  4 jackals (D:3)
  4 quokkas
  9 ball pythons
  7 frilled lizards
  4 goblins
  4 kobolds
  2 rats (D:2)
55 creatures vanquished.

Notes
Turn   | Place    | Note
-------+----------+-------------------------------------------
     0 | D:1      | MacCMillion the Troll Fighter began the quest for the Orb.
     0 | D:1      | Reached XP level 1. HP: 22/22 MP: 0/0
   214 | D:1      | Reached XP level 2. HP: 29/29 MP: 1/1
   375 | D:1      | Found a faded altar of an unknown god.
  1449 | D:3      | Reached XP level 3. HP: 36/36 MP: 2/2
  1466 | D:3      | Found a burning altar of Makhleb.
  1466 | D:3      | Noticed a balrug
  1469 | D:3      | Noticed a ynoxinul
  1469 | D:3      | Noticed a neqoxec
  1671 | D:3      | Found a runed translucent door.
  1723 | D:3      | Found a shadowy altar of Dithmenos.
  1913 | D:3      | Noticed plinio's ghost (amateur HOBe)
  1952 | D:4      | Found a staircase to the Ecumenical Temple.
  1967 | Temple   | Entered the Ecumenical Temple
  1967 | Temple   | Found a transporter.
  1967 | Temple   | Found a transporter.
  1969 | Temple   | Found a transporter.
  1969 | Temple   | Found a transporter.
  1989 | Temple   | Became a worshipper of the Wu Jian Council
  2036 | D:4      | Reached XP level 4. HP: 21/45 MP: 3/3
  2151 | D:4      | HP: 1/45 [killer bee (8)]
  2152 | D:4      | Succumbed to a killer bee's poison

Illustrated notes

Levels and vault maps discovered:
D:1:      dpeg_arrival_brainrot, layout_loops_ring,
          hellmonk_ecumenical_altar_inner_sanctum
D:2:      layout_basic
D:3:      layout_basic, overflow_temple_1_default, makhleb_altar_promises_db,
          ebering_ghost_sewer_d, kennysheep_generic_room_2
D:4:      kb_forest_paths, layout_basic, minmay_temple_entry_trees,
          hangedman_abyss_or_decor_lesser_grid
Temple:   hellmonk_temple_divided_pantheon

Skill      XL: |  1  2  3 |
---------------+----------+-----
Shields        | 3 |  3.5
Fighting       | 3 |  3.2
Unarmed Combat | 3 |  3.1
Dodging        | |  2.4

Action                   |  1- 3 |  4- 6 || total
-------------------------+-------+-------++-------
Melee: Unarmed           |   107 |    22 ||   129
Invok: Lunge             |       |     2 ||     2
  Use: Potion            |       |     1 ||     1
Armor: Robe              |    27 |       ||    27
Dodge: Dodged            |    35 |    17 ||    52
Block: Kite shield       |    35 |    10 ||    45
